 Dungeon Crawl Stone Soup version 0.29-a0-553-g81b289dbe5 (webtiles) character file.

Game seed: 1157921599035552792

109 grumblor the Skirmisher (level 4, -8/37 HPs)
             Began as a Mummy Fighter on June 6, 2022.
             Splashed by a jelly's acid (10 damage)
             ... on level 2 of the Dungeon.
             The game lasted 00:01:57 (1964 turns).

grumblor the Skirmisher (Mummy Fighter)             Turns: 1964, Time: 00:01:58

Health: -8/37      AC:  2    Str: 21    XL:     4   Next: 60%
Magic:  4/4        EV:  9    Int:  7    God:
Gold:   134        SH:  4    Dex: 11    Spells: 3/3 levels left

rFire   x . .      SeeInvis .   a - +0 war axe (venom)
rCold   + . .      Faith    .   c - +0 buckler
rNeg    + + +      Spirit   .   b - +0 scale mail
rPois   ∞          Reflect  .   (no helmet)
rElec   .          Harm     .   (no cloak)
rCorr   .          Rampage  .   (no gloves)
Will    .....                   (no boots)
Stlth   ..........              (no amulet)
HPRegen 0.12/turn               (no ring)
MPRegen 0.09/turn               (no ring)

@: corroded
A: cold resistance 1, negative energy resistance 3, torment resistance 2, heat
vulnerability 1, in touch with death 1, no potions
a: no special abilities


You were on level 2 of the Dungeon.
You visited 1 branch of the dungeon, and saw 2 of its levels.

You collected 134 gold pieces.

Inventory:

Hand Weapons
 a - a +0 war axe of venom (weapon)
Missiles
 e - 2 poisoned darts (quivered)
Armour
 b - a +0 scale mail (worn)
 c - a +0 buckler (worn)
Scrolls
 h - a scroll of torment {unknown}


   Skills:
 * Level 4.2 Fighting
 + Level 3.1 Axes
 - Level 2.4 Armour
 - Level 2.4 Shields


You had 3 spell levels left.
You didn't know any spells.
Your spell library was empty.

Dungeon Overview and Level Annotations

Branches:
Dungeon (2/15)

Altars:


Innate Abilities, Weirdness & Mutations

You are immune to poison.
Your flesh is cold resistant. (rC+)
You are immune to negative energy. (rN+++)
You are immune to unholy pain and torment.
You are vulnerable to heat. (rF-)
You are in touch with the powers of death.
You do not drink.


Message History

6 endoplasms, 2 jellies and a kobold come into view.
Found four items.
The endoplasm quivers. x5; The jelly quivers.
There is an open door here.
You slash the kobold!
You kill the kobold!
There are monsters nearby!
You hit the jelly. The acid corrodes you!
Your hands burn!
The jelly is moderately wounded.
The jelly misses you.
The endoplasm jiggles.
There are monsters nearby!
You hit the jelly.
Your hands burn!
The jelly is severely wounded.
You slash the endoplasm!
You kill the endoplasm!
The jelly hits you but does no damage.
There are monsters nearby!
You slash the jelly!
You kill the jelly!
You hit the endoplasm but do no damage. The endoplasm freezes you.
You are frozen.
You resist. The endoplasm closely misses you. The endoplasm barely misses you.
Your Axes skill increases to level 3!
The endoplasm attacks as you move away! You block the endoplasm's attack.
You barely miss the endoplasm. The endoplasm barely misses you.
You hit the endoplasm.
You kill the endoplasm!
You slash the jelly!
The jelly is poisoned.
Your hands burn!
The jelly is heavily wounded.
The jelly hits you.
You are splashed with acid!
You hit the jelly.
Your hands burn!
The jelly is heavily wounded.
The jelly hits you.
You are splashed with acid!
* * * LOW HITPOINT WARNING * * *
The jelly hits you.
* * * LOW HITPOINT WARNING * * *
You are splashed with acid!
You die...

#.## *#############(#
##.# *[.÷......# #.#
..## *...÷.....# #>#
..#### *......÷.÷#
#.# .....###
*..÷..J...# #.#
.......# *...÷.JJ..#
#.# .....#.#
*....JJ)..# #.#
..####.# *#######J#*
#.# ..# #.#
##...@JJ## ###.# ..#
#.# #.######## #...#
### #.######..'....#
##### #....#
####...(# ######
#.......#
#############.......#
...........##..[....#
.#####..##.##.......#
.# #..##.###..)).##


You could see a jelly (very poisoned) and 2 endoplasms.

Vanquished Creatures
  A jelly (D:2)
  Natasha (D:2)
  A worm (D:2)
  A dart slug (D:1)
  An orc (D:2)
  7 ball pythons
  5 bats
  8 endoplasms
  A giant cockroach (D:2)
  3 goblins
  5 hobgoblins
  7 kobolds (D:2)
  A frilled lizard (D:1)
  3 rats
45 creatures vanquished.

Vanquished Creatures (others)
  5 fungi (D:2)
  9 toadstools (D:2)
14 creatures vanquished.

Grand Total: 59 creatures vanquished

Notes
Turn   | Place    | Note
-------+----------+-------------------------------------------
     0 | D:1      | grumblor the Mummy Fighter began the quest for the Orb.
     0 | D:1      | Reached XP level 1. HP: 18/18 MP: 1/1
   216 | D:1      | Reached XP level 2. HP: 20/24 MP: 2/2
   943 | D:2      | Gained mutation: You are in touch with the powers of death.
                  | [Mummy growth]
   943 | D:2      | Reached XP level 3. HP: 30/30 MP: 3/3
  1528 | D:2      | Found a faded altar of an unknown god.
  1575 | D:2      | Noticed Natasha
  1578 | D:2      | Killed Natasha
  1579 | D:2      | Reached skill level 4 in Fighting
  1621 | D:2      | Reached XP level 4. HP: 36/37 MP: 4/4
  1964 | D:2      | Splashed by a jelly's acid

Illustrated notes

Levels and vault maps discovered:
D:1:      lightli_arrival_noodles, layout_loops_ring, hangedman_decor_points,
          wad_floor_pattern_untrapped
D:2:      cheibrodos_fertilizer, layout_loops_corners,
          hellmonk_ecumenical_altar_heavens_door, grunt_decor_clamped,
          uniq_natasha

Skill      XL: |  1  2  3  4 |
---------------+-------------+-----
Axes           | 2 3 |  3.1
Fighting       | 4 |  4.2
Armour         | |  2.4
Shields        | |  2.4

Action                   |  1- 3 |  4- 6 || total
-------------------------+-------+-------++-------
Melee: War axe           |   103 |    23 ||   126
  Use: Scroll            |       |     4 ||     4
Armor: Scale mail        |    64 |    13 ||    77
Dodge: Dodged            |    43 |    12 ||    55
Block: Buckler           |    24 |     5 ||    29

Table legend: (Time is in decaauts)
 A = Elapsed time spent in this place.
 B = Non-inter-level travel time spent in this place.
 C = Inter-level travel time spent in this place.
 D = Time resting spent in this place.
 E = Time spent auto-exploring this place.
 F = Levels seen in this place.
 G = Mean time per level.
                   A        B        C        D        E       F      G
               +--------+--------+--------+--------+--------+-----+--------+
         Total |   2019 |   1995 |     24 |      0 |   1663 |   2 | 1009.5 |
       Dungeon |   2019 |   1995 |     24 |      0 |   1663 |   2 | 1009.5 |
               +--------+--------+--------+--------+--------+-----+--------+

Top non-repeatable levels by time:
     D:2: 1139 daAuts
     D:1: 880 daAuts
